Map: Lightshade LE

Players

ShoWTimE

  • Race: Protoss Protoss

souL - Winner!

  • Race: Terran Terran

Event: DreamHack SC2 Masters 2021 Fall

VOD

Have the link to the VOD?

Description

Time

  • Played on: Aug. 12, 2021, 1:30 p.m.
  • Length: 8:58

All games in this series

Show
View Real Time Build Order
Export as new Build Order

ShoWTimE Protoss 

Build Orders: 1 Gate Expand, Oracle Opening 

Get SALT Encoding   

  12  0:00  Probe  
  13  0:12  Probe  
  14  0:17  Pylon  
  14  0:24  Probe  
  15  0:35  Gateway  
  15  0:36  Probe (Chrono Boost)  
  16  0:45  Probe (Chrono Boost)  
  16  0:46  Assimilator  
  17  0:51  Probe (Chrono Boost)  
  18  1:03  Probe  
  19  1:15  Probe  
  20  1:29  Probe  
  20  1:31  Cybernetics Core  
  21  1:37  Nexus  
  21  1:43  Assimilator  
  21  1:45  Probe  
  22  1:49  Pylon  
  22  1:57  Probe  
  23  2:05  Adept (Chrono Boost)  
  25  2:09  Probe  
  26  2:21  Stargate, Probe  
  27  2:25  Adept (Chrono Boost)  
  29  2:33  Warp Gate, Probe  
  30  2:48  Probe (Chrono Boost)  
  30  2:49  Adept  
  34  2:51  Probe (Chrono Boost)  
  35  3:00  Probe (Chrono Boost)  
  35  3:01  Probe (Chrono Boost)  
  35  3:03  Oracle (Chrono Boost)  
  35  3:05  Probe (Chrono Boost)  
  36  3:09  Probe  
  41  3:14  Pylon  
  41  3:17  Probe  
  41  3:19  Adept  
  44  3:21  Probe  
  44  3:22  Shield Battery  
  45  3:29  Probe  
  45  3:33  Probe  
  47  3:40  Oracle (Chrono Boost)  
  50  3:41  Probe  
  50  3:45  Probe  
  50  3:46  Pylon  
  52  3:54  Probe  
  51  3:58  Probe  
  50  4:06  Probe  
  44  4:10  Probe  
  44  4:14  Nexus  
  44  4:18  Probe  
  44  4:22  Probe  
  44  4:24  Phoenix (Chrono Boost)  
  45  4:30  Probe  
  48  4:32  Gateway  
  48  4:34  Probe  
  49  4:38  Adept  
  49  4:41  Phoenix (Chrono Boost)  
  49  4:42  Probe  
  53  4:46  Probe  
  52  4:54  Probe  
  52  4:58  Probe  
  54  5:00  Phoenix  
  54  5:06  Probe  
  57  5:10  Probe  
  58  5:18  Twilight Council, Probe  
  57  5:21  Assimilator  
  57  5:22  Probe (Chrono Boost)  
  57  5:23  Assimilator  
  57  5:28  Gateway  
  58  5:29  Robotics Facility  
  58  5:34  Adept, Probe (Chrono Boost)  
  63  5:35  Probe (Chrono Boost)  
  63  5:36  Probe (Chrono Boost)  
  63  5:41  Probe (Chrono Boost)  
  64  5:44  Probe x2 (Chrono Boost)  
  64  5:49  Probe  
  57  5:51  Charge, Gateway  
  57  5:54  Gateway, Probe  
  57  5:55  Probe  
  59  6:01  Probe  
  60  6:06  Gateway, Probe  
  60  6:07  Probe  
  62  6:13  Probe  
  62  6:14  Sentry  
  65  6:19  Pylon, Probe x2 (Chrono Boost)  
  65  6:22  Observer (Chrono Boost)  
  69  6:29  Zealot, Phoenix  
  69  6:31  Probe x3 (Chrono Boost)  
  73  6:36  Probe x2 (Chrono Boost), Robotics Bay  
  73  6:38  Probe (Chrono Boost)  
  73  6:39  Pylon  
  76  6:41  Immortal (Chrono Boost)  
  76  6:45  Probe x2  
  82  6:49  Probe  
  82  6:51  Pylon  
  80  6:56  Sentry, Zealot  
  80  6:57  Zealot x2, Probe x2  
  80  7:01  Zealot, Probe  
  92  7:03  Pylon  
  92  7:06  Shield Battery  
  93  7:09  Phoenix  
  93  7:11  Probe x2  
  93  7:13  Probe  
  98  7:21  Assimilator  
  98  7:24  Forge, Probe x2  
  98  7:25  Forge  
  98  7:27  Colossus (Chrono Boost)  
  98  7:28  Assimilator  
  100  7:32  Sentry  
  100  7:34  Probe  
  109  7:46  Probe x2  
  109  7:48  Zealot  
  108  7:55  Pylon  
  108  7:57  Pylon  
  108  7:58  Pylon  
  108  8:07  Photon Cannon  
  102  8:18  Colossus (Chrono Boost)  
  102  8:20  Zealot x4  
  102  8:23  Zealot  
  102  8:26  Phoenix  
  96  8:42  Zealot x4  
  96  8:43  Probe x2  
  96  8:47  Zealot  
Show
View Real Time Build Order
Export as new Build Order

souL Terran - Winner!

Build Orders:  

Get SALT Encoding   

  12  0:00  SCV  
  13  0:12  SCV  
  14  0:17  Supply Depot  
  14  0:24  SCV  
  15  0:39  SCV, Barracks  
  16  0:51  SCV  
  16  0:52  Refinery  
  17  1:03  SCV, Engineering Bay  
  18  1:15  SCV  
  19  1:26  Marine  
  19  1:28  Orbital Command  
  20  1:45  Barracks Reactor  
  20  1:50  Command Center  
  20  1:54  SCV  
  21  2:05  Supply Depot  
  21  2:07  SCV  
  22  2:14  Factory  
  22  2:19  SCV  
  23  2:26  Refinery  
  23  2:27  Marine x2  
  25  2:31  SCV  
  26  2:43  SCV  
  27  2:45  Marine x2  
  29  3:02  Starport  
  29  3:05  SCV  
  29  3:07  Orbital Command  
  29  3:12  Hellion  
  32  3:13  Hellion  
  32  3:18  SCV  
  35  3:30  SCV  
  35  3:33  Widow Mine  
  38  3:34  Widow Mine  
  38  3:39  Medivac  
  43  3:41  Armory  
  43  3:43  Supply Depot  
  42  3:54  Widow Mine  
  42  3:56  Widow Mine  
  42  3:58  SCV x2  
  42  4:10  SCV x2  
  42  4:16  Widow Mine  
  46  4:17  Medivac  
  46  4:18  Widow Mine  
  46  4:22  SCV x2  
  50  4:26  Supply Depot  
  50  4:30  Barracks Tech Lab  
  49  4:34  SCV  
  49  4:35  SCV  
  49  4:37  Supply Depot, Widow Mine  
  53  4:42  Barracks  
  53  4:46  SCV  
  53  4:47  SCV  
  53  4:48  Widow Mine  
  55  4:58  Marine, Stimpack  
  55  4:59  SCV, Widow Mine  
  60  5:00  SCV, Bunker  
  60  5:09  Widow Mine  
  60  5:11  SCV  
  60  5:12  SCV  
  62  5:15  Refinery  
  62  5:16  Barracks  
  62  5:19  Marauder  
  60  5:23  SCV  
  60  5:24  SCV  
  60  5:25  Medivac  
  60  5:27  Supply Depot  
  60  5:28  Engineering Bay  
  64  5:35  SCV  
  65  5:36  SCV  
  65  5:42  Factory Reactor  
  66  5:47  SCV  
  66  5:48  SCV  
  62  5:50  Marine x2  
  62  5:51  Marauder  
  62  5:53  Command Center  
  66  5:57  Starport Reactor  
  66  6:02  Terran Infantry Weapons Level 1  
  66  6:03  Supply Depot  
  66  6:04  Refinery  
  66  6:05  Barracks  
  66  6:07  Marine, Barracks, Barracks Tech Lab  
  65  6:13  SCV x2, Missile Turret  
  65  6:22  Supply Depot, Marauder  
  67  6:25  SCV  
  67  6:30  Combat Shield  
  67  6:31  Marauder  
  67  6:32  SCV  
  71  6:35  Marine x2  
  71  6:38  Concussive Shells  
  73  6:40  Medivac  
  73  6:43  Marauder  
  73  6:45  Supply Depot  
  73  6:47  Supply Depot  
  77  6:49  SCV x2  
  77  6:53  Marine, Marauder  
  82  6:54  Medivac  
  82  7:00  Barracks Reactor, Barracks Tech Lab  
  82  7:01  Marine  
  85  7:02  SCV  
  85  7:04  Marauder  
  88  7:08  SCV  
  88  7:10  Marine  
  88  7:12  Medivac  
  88  7:14  Marine, SCV  
  94  7:18  Marine  
  94  7:20  Marauder  
  97  7:23  Supply Depot, Widow Mine  
  97  7:26  Marauder  
  97  7:28  Marine  
  97  7:29  Bunker  
  102  7:31  Marine, SCV, Orbital Command  
  102  7:32  SCV  
  102  7:36  Marine  
  102  7:37  Marine  
  106  7:40  Marine  
  106  7:41  Marauder  
  106  7:44  SCV x2  
  112  7:46  Marine, Widow Mine  
  112  7:47  Marauder  
  112  7:49  Marine  
  116  7:54  Marine x2  
  116  7:55  Ghost Academy  
  116  7:56  SCV  
  116  7:57  Medivac  
  116  7:58  Marine, Medivac  
  124  8:01  Widow Mine  
  124  8:02  Marine  
  124  8:04  Marine  
  128  8:07  Marine  
  128  8:08  Marine, Widow Mine  
  129  8:16  Marine  
  129  8:19  Marine  
  127  8:21  Marauder  
  127  8:22  Refinery x2  
  127  8:23  Supply Depot, Widow Mine  
  127  8:24  Marine  
  127  8:25  Marine  
  136  8:29  Marine, Widow Mine  
  128  8:37  Marine x3  

Tags
 
Add a new tag
Caveats
  • Supply blocks, unpowered buildings, or Contaminate may cause inaccurate times.
  • Supply counts are checked every 10 seconds.